[ AOE2 MATCH · #471123830 ]
UnrankedMagyars vs Muisca
[ REPLAY ANALYSIS · EXTRACTED FROM THE RECORDED GAME ]
Feudal
11:12
Castle
17:53
Imperial
60:27
| APM avg | 37.2 |
| APM peak | 70 |
| eAPM avg | 26.6 |
| Villagers / military | 260 / 304 |
Focus
⚔️ 23.7% · 🌾 76.3%
Scout Cavalry ×288 · Scorpion ×8 · Cavalry Archer ×6 · Mangonel ×2
Feudal
10:58
Castle
15:43
Imperial
25:34
| APM avg | 47.8 |
| APM peak | 89 |
| eAPM avg | 29.0 |
| Villagers / military | 135 / 36 |
Focus
⚔️ 55.8% · 🌾 44.2%
Unknown (2550) ×325 · Unknown (2562) ×238 · Trade Cart ×47 · Unknown (2586) ×37 · Spearman ×17 · Trebuchet (Packed) ×16
Feudal
11:03
Castle
14:51
Imperial
32:04
| APM avg | 48.1 |
| APM peak | 79 |
| eAPM avg | 31.8 |
| Villagers / military | 234 / 612 |
Focus
⚔️ 51.2% · 🌾 48.8%
Scout Cavalry ×190 · Archer ×178 · Spearman ×122 · Battering Ram ×64 · Militia ×45 · Trade Cart ×9
Feudal
11:18
Castle
15:51
Imperial
29:14
| APM avg | 36.3 |
| APM peak | 71 |
| eAPM avg | 31.9 |
| Villagers / military | 130 / 1133 |
Focus
⚔️ 58.2% · 🌾 41.8%
Scout Cavalry ×497 · Militia ×407 · Spearman ×119 · Trade Cart ×87 · Battering Ram ×51 · Knight ×48
Feudal
11:00
Castle
14:55
Imperial
27:16
| APM avg | 49.9 |
| APM peak | 97 |
| eAPM avg | 30.9 |
| Villagers / military | 194 / 1231 |
Focus
⚔️ 43.3% · 🌾 56.7%
Skirmisher ×546 · Scout Cavalry ×469 · Hand Cannoneer ×147 · Armored Elephant ×50 · Trade Cart ×38 · Bombard Cannon ×17
Feudal
11:35
Castle
16:47
Imperial
30:34
| APM avg | 48.5 |
| APM peak | 84 |
| eAPM avg | 34.7 |
| Villagers / military | 179 / 808 |
Focus
⚔️ 47.5% · 🌾 52.5%
Scout Cavalry ×480 · Elephant Archer ×170 · Skirmisher ×109 · Monk ×23 · Trade Cart ×15 · Ratha (Ranged) ×8
Feudal
11:51
Castle
15:21
Imperial
30:17
| APM avg | 30.0 |
| APM peak | 58 |
| eAPM avg | 20.4 |
| Villagers / military | 169 / 1288 |
Focus
⚔️ 56.9% · 🌾 43.1%
Spearman ×624 · Plumed Archer ×232 · Eagle Scout ×214 · Skirmisher ×210 · Trade Cart ×22 · Trebuchet (Packed) ×5
Feudal
9:55
Castle
22:33
Imperial
33:56
| APM avg | 34.9 |
| APM peak | 84 |
| eAPM avg | 26.4 |
| Villagers / military | 182 / 662 |
Focus
⚔️ 58.5% · 🌾 41.5%
Scout Cavalry ×380 · Knight ×179 · Skirmisher ×53 · Chu Ko Nu ×39 · Trade Cart ×30 · Battering Ram ×9
Match map
Initial resources + every placement click. Lines = walls · curves = elevation contours. ◆ gold · ⬟ stone · ● berries · ✦ relic · ◌ wall gap
Your base· ✓ Closed at 17:53 · 76t walls · 3 gate(s)
ELEG | IronLeg's base· ✓ Closed at 15:43 · 0t walls · 3 gate(s)
optimal_brain_damage's base· ✓ Closed at 14:51 · 15t walls · 2 gate(s)
|LS| King-Oblivion's base· ✓ Closed at 15:51 · 0t walls · 3 gate(s)
Benni's base· ✓ Closed at 14:55 · 0t walls · 2 gate(s)
boora-bee's base· ✓ Closed at 16:47 · 0t walls · 2 gate(s)
Viesturs Otto I.'s base· ✓ Closed at 15:21 · 0t walls · 3 gate(s)
Trust_Me's base· ✓ Closed at 22:33 · 13t walls · 2 gate(s)
Smoothed initial terrain · ◌ = detected wall gap · hover for details
Inputs per minute
— Rumpel the Idle - - ELEG | IronLeg
Build order — Rumpel the Idle
First 150 of 752 actions detected
| 0:01 | Create | Villager (Male) |
| 0:01 | Create | Villager (Male) |
| 0:02 | Build | House |
| 0:03 | Build | House |
| 0:17 | Create | Villager (Male) |
| 0:17 | Create | Villager (Male) |
| 1:29 | Create | Villager (Male) |
| 1:30 | Create | Villager (Male) |
| 1:45 | Build | Lumber Camp |
| 1:58 | Create | Villager (Male) |
| 1:58 | Create | Villager (Male) |
| 2:34 | Create | Villager (Male) |
| 2:34 | Create | Villager (Male) |
| 2:44 | Create | Villager (Male) |
| 2:44 | Create | Villager (Male) |
| 3:08 | Create | Villager (Male) |
| 3:08 | Create | Villager (Male) |
| 3:13 | Build | House |
| 3:16 | Build | House |
| 3:17 | Build | House |
| 3:53 | Create | Villager (Male) |
| 3:54 | Create | Villager (Male) |
| 3:54 | Create | Villager (Male) |
| 4:18 | Create | Villager (Male) |
| 4:19 | Create | Villager (Male) |
| 4:29 | Build | House |
| 4:47 | Create | Villager (Male) |
| 4:48 | Create | Villager (Male) |
| 4:58 | Create | Villager (Male) |
| 4:59 | Create | Villager (Male) |
| 5:26 | Create | Villager (Male) |
| 5:27 | Create | Villager (Male) |
| 5:57 | Create | Villager (Male) |
| 5:58 | Create | Villager (Male) |
| 6:00 | Create | Villager (Male) |
| 6:00 | Create | Villager (Male) |
| 6:06 | Build | Mill |
| 6:17 | Create | Villager (Male) |
| 6:17 | Create | Villager (Male) |
| 6:24 | Create | Villager (Male) |
| 6:24 | Create | Villager (Male) |
| 7:17 | Create | Villager (Male) |
| 7:46 | Build | Farm |
| 7:52 | Create | Villager (Male) |
| 7:58 | Create | Villager (Male) |
| 8:04 | Build | Farm |
| 8:10 | Build | Farm |
| 8:37 | Build | Mining Camp |
| 9:02 | Research | Feudal Age |
| 9:03 | Create | Villager (Male) |
| 9:03 | Create | Villager (Male) |
| 9:41 | Create | Villager (Male) |
| 9:53 | Build | Palisade Wall |
| 10:00 | Build | Palisade Wall |
| 10:19 | Build | Palisade Wall |
| 10:31 | Build | Palisade Wall |
| 11:10 | Build | Palisade Wall |
| 11:12 | Age | Feudal Age |
| 11:13 | Build | Palisade Wall |
| 11:16 | Build | Palisade Wall |
| 11:19 | Build | Stone Wall |
| 11:23 | Build | Stone Wall |
| 11:31 | Build | Watch Tower |
| 11:33 | Create | Villager (Male) |
| 11:50 | Build | Stone Wall |
| 11:58 | Build | Stone Wall |
| 12:03 | Build | Stone Wall |
| 12:18 | Build | Market |
| 12:35 | Build | Stone Wall |
| 13:02 | Build | Stone Wall |
| 13:14 | Create | Villager (Male) |
| 13:31 | Create | Villager (Male) |
| 14:07 | Build | Farm |
| 14:18 | Build | Blacksmith |
| 15:13 | Research | Castle Age |
| 15:35 | Create | Villager (Male) |
| 15:51 | Research | Fletching |
| 16:37 | Research | Double-Bit Axe |
| 17:13 | Build | Stone Wall |
| 17:53 | Age | Castle Age |
| 18:05 | Build | Castle |
| 18:35 | Build | Farm |
| 18:53 | Create | Villager (Male) |
| 19:01 | Build | Siege Workshop |
| 19:25 | Build | Mining Camp |
| 19:35 | Create | Mangonel |
| 20:01 | Research | Loom |
| 21:06 | Create | Villager (Male) |
| 21:06 | Create | Villager (Male) |
| 22:02 | Create | Villager (Male) |
| 22:58 | Create | Villager (Male) |
| 22:58 | Create | Villager (Male) |
| 23:03 | Build | Town Center |
| 23:52 | Create | Villager (Male) |
| 23:53 | Create | Villager (Male) |
| 23:55 | Build | Farm |
| 23:57 | Build | Farm |
| 23:59 | Build | Farm |
| 24:02 | Build | Farm |
| 24:06 | Build | Farm |
| 24:08 | Build | Farm |
| 24:12 | Build | Farm |
| 24:31 | Build | Lumber Camp |
| 24:48 | Create | Villager (Male) |
| 24:54 | Create | Villager (Male) |
| 24:57 | Build | Farm |
| 25:01 | Create | Villager (Male) |
| 25:12 | Create | Villager (Male) |
| 25:16 | Build | Town Center |
| 25:20 | Create | Villager (Male) |
| 25:22 | Build | Farm |
| 25:25 | Build | Farm |
| 25:30 | Build | Farm |
| 25:32 | Build | Farm |
| 25:36 | Create | Villager (Male) |
| 25:50 | Build | Stone Wall |
| 25:57 | Create | Villager (Male) |
| 25:59 | Build | Farm |
| 26:11 | Build | Farm |
| 26:14 | Build | Farm |
| 26:14 | Create | Villager (Male) |
| 26:30 | Create | Villager (Male) |
| 26:31 | Create | Villager (Male) |
| 26:40 | Create | Villager (Male) |
| 26:40 | Create | Villager (Male) |
| 26:49 | Build | House |
| 26:50 | Build | House |
| 26:51 | Build | House |
| 26:51 | Build | House |
| 26:53 | Create | Villager (Male) |
| 26:54 | Create | Villager (Male) |
| 27:03 | Create | Villager (Male) |
| 27:04 | Create | Villager (Male) |
| 27:12 | Create | Villager (Male) |
| 27:21 | Create | Villager (Male) |
| 27:21 | Create | Villager (Male) |
| 27:23 | Build | Farm |
| 27:26 | Build | Farm |
| 27:31 | Build | Farm |
| 27:32 | Create | Villager (Male) |
| 27:35 | Build | Farm |
| 27:39 | Build | Farm |
| 27:43 | Create | Villager (Male) |
| 27:54 | Build | Farm |
| 27:55 | Create | Villager (Male) |
| 27:56 | Create | Villager (Male) |
| 28:03 | Build | House |
| 28:03 | Build | House |
| 28:04 | Build | House |
| 28:15 | Create | Villager (Male) |
Build order — ELEG | IronLeg
First 150 of 1005 actions detected
| 0:02 | Build | House |
| 0:02 | Create | Villager (Male) |
| 0:04 | Build | House |
| 0:13 | Create | Villager (Male) |
| 0:18 | Create | Villager (Male) |
| 0:19 | Create | Villager (Male) |
| 0:19 | Create | Villager (Male) |
| 1:19 | Create | Villager (Male) |
| 1:19 | Create | Villager (Male) |
| 1:48 | Create | Villager (Male) |
| 2:14 | Build | Settlement |
| 2:16 | Create | Villager (Male) |
| 2:44 | Create | Villager (Male) |
| 2:54 | Create | Villager (Male) |
| 3:27 | Create | Villager (Male) |
| 3:51 | Create | Villager (Male) |
| 3:51 | Create | Villager (Male) |
| 4:30 | Create | Villager (Male) |
| 4:32 | Create | Villager (Male) |
| 4:58 | Create | Villager (Male) |
| 5:10 | Build | Settlement |
| 5:23 | Create | Villager (Male) |
| 5:24 | Create | Villager (Male) |
| 5:40 | Create | Villager (Male) |
| 6:07 | Create | Villager (Male) |
| 6:20 | Build | Settlement |
| 6:23 | Create | Villager (Male) |
| 6:52 | Create | Villager (Male) |
| 7:26 | Create | Villager (Male) |
| 8:36 | Research | Feudal Age |
| 10:42 | Create | Villager (Male) |
| 10:43 | Create | Villager (Male) |
| 10:58 | Age | Feudal Age |
| 11:00 | Build | Blacksmith |
| 11:01 | Build | Market |
| 11:35 | Build | Farm |
| 11:38 | Build | Farm |
| 11:44 | Build | Farm |
| 11:52 | Create | Villager (Male) |
| 11:56 | Build | Farm |
| 11:59 | Build | Farm |
| 12:10 | Build | Farm |
| 12:13 | Create | Villager (Male) |
| 12:21 | Build | House |
| 12:21 | Build | House |
| 12:47 | Build | Farm |
| 13:03 | Research | Castle Age |
| 13:03 | Research | Castle Age |
| 13:17 | Build | Farm |
| 13:21 | Research | Horse Collar |
| 13:34 | Build | Farm |
| 13:46 | Research | Double-Bit Axe |
| 13:49 | Research | Loom |
| 14:42 | Create | Villager (Male) |
| 15:43 | Age | Castle Age |
| 15:46 | Build | Town Center |
| 16:11 | Create | Villager (Male) |
| 16:14 | Research | Wheelbarrow |
| 16:19 | Research | Bow Saw |
| 16:39 | Build | House |
| 16:40 | Build | House |
| 16:41 | Build | House |
| 16:47 | Build | Farm |
| 16:52 | Create | Villager (Male) |
| 17:07 | Create | Villager (Male) |
| 17:18 | Create | Villager (Male) |
| 17:24 | Create | Villager (Male) |
| 17:26 | Create | Villager (Male) |
| 17:44 | Build | Farm |
| 17:59 | Build | Farm |
| 18:01 | Build | Farm |
| 18:03 | Create | Villager (Male) |
| 18:31 | Create | Villager (Male) |
| 18:48 | Create | Villager (Male) |
| 18:48 | Create | Villager (Male) |
| 18:53 | Build | Farm |
| 18:54 | Build | Farm |
| 18:58 | Create | Villager (Male) |
| 19:23 | Create | Villager (Male) |
| 19:37 | Create | Villager (Male) |
| 19:55 | Create | Villager (Male) |
| 19:55 | Create | Villager (Male) |
| 19:56 | Create | Villager (Male) |
| 19:58 | Build | Farm |
| 20:07 | Build | Castle |
| 20:19 | Create | Villager (Male) |
| 20:22 | Build | Palisade Gate |
| 20:25 | Build | Palisade Wall |
| 20:30 | Build | Palisade Gate |
| 20:34 | Create | Villager (Male) |
| 20:36 | Build | Farm |
| 20:38 | Build | Farm |
| 20:39 | Create | Villager (Male) |
| 20:40 | Create | Villager (Male) |
| 21:04 | Build | Settlement |
| 21:19 | Build | Farm |
| 21:20 | Build | Farm |
| 21:24 | Build | Farm |
| 21:28 | Build | Farm |
| 21:30 | Create | Villager (Male) |
| 21:31 | Create | Villager (Male) |
| 21:54 | Build | Farm |
| 21:57 | Build | Farm |
| 21:59 | Create | Villager (Male) |
| 22:02 | Create | Villager (Male) |
| 22:14 | Build | Farm |
| 22:21 | Research | Imperial Age |
| 22:21 | Research | Imperial Age |
| 22:27 | Build | Barracks |
| 22:28 | Build | Barracks |
| 22:34 | Build | Farm |
| 23:09 | Create | Villager (Male) |
| 23:10 | Create | Villager (Male) |
| 23:14 | Build | House |
| 23:28 | Create | Villager (Male) |
| 23:32 | Research | Pikeman (upgrade) |
| 23:36 | Create | Villager (Male) |
| 23:38 | Build | Barracks |
| 23:39 | Build | Barracks |
| 23:48 | Research | Scale Mail Armor |
| 23:49 | Research | Forging |
| 23:53 | Create | Villager (Male) |
| 23:59 | Research | Heavy Plow |
| 24:11 | Create | Spearman |
| 24:11 | Create | Spearman |
| 24:20 | Research | Squires |
| 24:23 | Create | Villager (Male) |
| 24:25 | Build | Farm |
| 24:29 | Create | Villager (Male) |
| 24:37 | Create | Spearman |
| 24:37 | Create | Spearman |
| 24:41 | Create | Spearman |
| 24:53 | Build | Monastery |
| 24:56 | Create | Spearman |
| 24:59 | Create | Villager (Male) |
| 25:00 | Create | Villager (Male) |
| 25:08 | Create | Spearman |
| 25:13 | Create | Villager (Male) |
| 25:25 | Create | Spearman |
| 25:33 | Create | Villager (Male) |
| 25:34 | Create | Villager (Male) |
| 25:34 | Age | Imperial Age |
| 25:48 | Create | Trebuchet (Packed) |
| 25:48 | Create | Trebuchet (Packed) |
| 25:52 | Create | Spearman |
| 25:52 | Create | Spearman |
| 25:59 | Create | Monk |
| 26:02 | Create | Villager (Male) |
| 26:03 | Create | Villager (Male) |
| 26:12 | Research | Two-Man Saw |
Build order — optimal_brain_damage
First 150 of 1040 actions detected
| 0:00 | Create | Villager (Male) |
| 0:01 | Create | Villager (Male) |
| 0:01 | Create | Villager (Male) |
| 0:01 | Create | Villager (Male) |
| 0:02 | Build | House |
| 0:03 | Build | House |
| 1:23 | Create | Villager (Male) |
| 1:24 | Create | Villager (Male) |
| 1:50 | Build | Lumber Camp |
| 1:57 | Build | House |
| 2:00 | Create | Villager (Male) |
| 2:19 | Create | Villager (Male) |
| 2:28 | Build | Palisade Wall |
| 2:31 | Build | Palisade Wall |
| 2:35 | Build | Palisade Wall |
| 2:39 | Build | Palisade Wall |
| 2:44 | Build | Palisade Wall |
| 2:49 | Build | Palisade Wall |
| 2:50 | Create | Villager (Male) |
| 2:51 | Create | Villager (Male) |
| 2:54 | Build | Palisade Wall |
| 2:56 | Build | Palisade Wall |
| 2:59 | Build | Palisade Wall |
| 3:01 | Build | Palisade Wall |
| 3:13 | Build | Palisade Wall |
| 3:20 | Build | Palisade Wall |
| 3:23 | Build | Palisade Wall |
| 3:23 | Create | Villager (Male) |
| 3:27 | Build | Palisade Wall |
| 3:29 | Build | Palisade Wall |
| 3:43 | Create | Villager (Male) |
| 3:52 | Create | Villager (Male) |
| 4:38 | Create | Villager (Male) |
| 4:58 | Create | Villager (Male) |
| 5:13 | Create | Villager (Male) |
| 5:38 | Build | House |
| 5:39 | Build | House |
| 5:45 | Create | Villager (Male) |
| 6:23 | Create | Villager (Male) |
| 6:23 | Create | Villager (Male) |
| 6:34 | Create | Villager (Male) |
| 6:35 | Create | Villager (Male) |
| 6:46 | Create | Villager (Male) |
| 6:49 | Build | Mining Camp |
| 6:57 | Create | Villager (Male) |
| 6:57 | Create | Villager (Male) |
| 7:16 | Build | Mill |
| 7:58 | Create | Villager (Male) |
| 8:11 | Build | Farm |
| 8:21 | Create | Villager (Male) |
| 8:44 | Research | Feudal Age |
| 8:53 | Build | Farm |
| 9:02 | Build | Farm |
| 9:36 | Build | Farm |
| 10:43 | Create | Villager (Male) |
| 11:03 | Age | Feudal Age |
| 11:06 | Build | Market |
| 11:09 | Build | Blacksmith |
| 11:19 | Create | Villager (Male) |
| 12:11 | Research | Castle Age |
| 12:11 | Research | Castle Age |
| 12:31 | Build | House |
| 12:33 | Build | House |
| 12:42 | Build | Barracks |
| 12:43 | Research | Double-Bit Axe |
| 12:47 | Research | Horse Collar |
| 13:07 | Build | Farm |
| 13:09 | Build | Farm |
| 13:18 | Build | Farm |
| 13:22 | Research | Double-Bit Axe |
| 13:38 | Create | Villager (Male) |
| 14:14 | Build | Stable |
| 14:30 | Create | Villager (Male) |
| 14:37 | Research | Gold Mining |
| 14:39 | Create | Villager (Male) |
| 14:46 | Research | Scale Barding Armor |
| 14:51 | Age | Castle Age |
| 14:57 | Create | Villager (Male) |
| 15:09 | Create | Knight |
| 15:19 | Build | Farm |
| 15:27 | Create | Knight |
| 15:34 | Create | Villager (Male) |
| 15:39 | Build | Farm |
| 15:41 | Build | Farm |
| 15:43 | Build | Farm |
| 15:47 | Create | Villager (Male) |
| 15:47 | Create | Villager (Male) |
| 15:53 | Build | Farm |
| 16:02 | Create | Knight |
| 16:11 | Build | Farm |
| 16:25 | Create | Villager (Male) |
| 16:31 | Build | Farm |
| 16:33 | Create | Villager (Male) |
| 16:54 | Create | Knight |
| 16:57 | Create | Villager (Male) |
| 17:00 | Build | Farm |
| 17:27 | Create | Villager (Male) |
| 17:33 | Build | House |
| 17:34 | Build | House |
| 17:40 | Research | Heavy Plow |
| 17:43 | Create | Villager (Male) |
| 17:44 | Build | House |
| 17:45 | Build | House |
| 17:59 | Research | Bow Saw |
| 18:01 | Create | Villager (Male) |
| 18:27 | Build | Farm |
| 18:33 | Create | Knight |
| 18:36 | Create | Villager (Male) |
| 18:41 | Build | Farm |
| 18:44 | Create | Villager (Male) |
| 18:53 | Build | Farm |
| 19:03 | Create | Villager (Male) |
| 19:10 | Create | Villager (Male) |
| 19:15 | Create | Villager (Male) |
| 19:17 | Build | Farm |
| 19:26 | Research | Wheelbarrow |
| 19:27 | Create | Villager (Male) |
| 19:36 | Build | Farm |
| 19:45 | Create | Villager (Male) |
| 19:53 | Create | Villager (Male) |
| 20:15 | Build | Town Center |
| 20:18 | Create | Villager (Male) |
| 20:31 | Create | Villager (Male) |
| 20:48 | Create | Villager (Male) |
| 20:54 | Create | Villager (Male) |
| 21:00 | Create | Villager (Male) |
| 21:03 | Build | Town Center |
| 21:08 | Create | Villager (Male) |
| 21:20 | Create | Villager (Male) |
| 21:24 | Build | Farm |
| 21:27 | Create | Villager (Male) |
| 21:29 | Build | Farm |
| 21:31 | Create | Villager (Male) |
| 21:35 | Create | Villager (Male) |
| 21:54 | Create | Villager (Male) |
| 21:57 | Build | Farm |
| 22:06 | Create | Villager (Male) |
| 22:09 | Build | Farm |
| 22:10 | Create | Villager (Male) |
| 22:10 | Create | Villager (Male) |
| 22:12 | Build | Farm |
| 22:12 | Build | Farm |
| 22:35 | Create | Villager (Male) |
| 22:39 | Create | Villager (Male) |
| 22:42 | Build | Farm |
| 22:44 | Build | Farm |
| 22:44 | Build | Farm |
| 22:46 | Create | Villager (Male) |
| 22:46 | Create | Villager (Male) |
| 22:52 | Create | Villager (Male) |
Build order — |LS| King-Oblivion
First 150 of 1594 actions detected
| 0:04 | Create | Villager (Male) |
| 0:04 | Create | Villager (Male) |
| 0:05 | Create | Villager (Male) |
| 0:05 | Create | Villager (Male) |
| 0:06 | Build | House |
| 0:08 | Build | House |
| 1:40 | Create | Villager (Male) |
| 1:57 | Build | Lumber Camp |
| 2:10 | Create | Villager (Male) |
| 2:12 | Build | House |
| 2:17 | Create | Villager (Male) |
| 2:53 | Create | Villager (Male) |
| 3:06 | Create | Villager (Male) |
| 3:57 | Build | House |
| 3:59 | Create | Villager (Male) |
| 4:18 | Build | Mining Camp |
| 4:28 | Create | Villager (Male) |
| 4:29 | Create | Villager (Male) |
| 5:18 | Create | Villager (Male) |
| 5:43 | Create | Villager (Male) |
| 5:54 | Create | Villager (Male) |
| 5:55 | Create | Villager (Male) |
| 6:39 | Build | Mill |
| 6:59 | Create | Villager (Male) |
| 7:02 | Create | Villager (Male) |
| 7:04 | Create | Villager (Male) |
| 8:15 | Create | Villager (Male) |
| 8:38 | Create | Villager (Male) |
| 8:47 | Build | House |
| 8:48 | Build | House |
| 9:08 | Research | Feudal Age |
| 10:16 | Build | Farm |
| 10:17 | Build | Farm |
| 10:18 | Build | Farm |
| 10:21 | Build | Farm |
| 10:22 | Build | Farm |
| 11:17 | Build | Farm |
| 11:18 | Age | Feudal Age |
| 11:20 | Create | Villager (Male) |
| 11:20 | Create | Villager (Male) |
| 11:20 | Create | Villager (Male) |
| 11:24 | Build | Market |
| 11:51 | Build | Blacksmith |
| 11:52 | Build | House |
| 12:23 | Build | Mining Camp |
| 12:24 | Create | Villager (Male) |
| 13:00 | Build | Farm |
| 13:11 | Research | Castle Age |
| 13:29 | Research | Double-Bit Axe |
| 14:36 | Research | Horse Collar |
| 15:30 | Research | Wheelbarrow |
| 15:51 | Age | Castle Age |
| 15:53 | Research | Bow Saw |
| 16:40 | Build | Town Center |
| 16:43 | Build | Town Center |
| 17:10 | Create | Villager (Male) |
| 17:11 | Research | Heavy Plow |
| 17:27 | Create | Villager (Male) |
| 17:41 | Build | Farm |
| 17:57 | Create | Villager (Male) |
| 17:59 | Create | Villager (Male) |
| 18:19 | Build | Castle |
| 18:24 | Create | Villager (Male) |
| 18:26 | Create | Villager (Male) |
| 18:26 | Create | Villager (Male) |
| 18:31 | Build | Farm |
| 18:34 | Build | Farm |
| 18:38 | Create | Villager (Male) |
| 18:41 | Build | Farm |
| 18:42 | Build | Farm |
| 18:52 | Create | Villager (Male) |
| 19:02 | Build | Farm |
| 19:05 | Build | Farm |
| 19:19 | Create | Villager (Male) |
| 19:19 | Create | Villager (Male) |
| 19:19 | Create | Villager (Male) |
| 19:20 | Create | Villager (Male) |
| 19:24 | Build | Farm |
| 19:31 | Build | House |
| 19:32 | Build | House |
| 19:33 | Build | House |
| 19:37 | Create | Villager (Male) |
| 19:37 | Create | Villager (Male) |
| 19:38 | Create | Villager (Male) |
| 19:47 | Build | Farm |
| 19:56 | Build | Farm |
| 19:59 | Create | Villager (Male) |
| 20:00 | Create | Villager (Male) |
| 20:05 | Create | Boyar |
| 20:09 | Build | Farm |
| 20:16 | Build | Farm |
| 20:22 | Create | Villager (Male) |
| 20:22 | Create | Villager (Male) |
| 20:29 | Create | Villager (Male) |
| 20:29 | Create | Villager (Male) |
| 20:32 | Build | Farm |
| 20:50 | Create | Villager (Male) |
| 20:50 | Create | Villager (Male) |
| 20:52 | Create | Villager (Male) |
| 21:14 | Research | Town Watch |
| 21:25 | Build | Town Center |
| 21:26 | Create | Villager (Male) |
| 21:26 | Create | Villager (Male) |
| 21:27 | Create | Villager (Male) |
| 21:29 | Create | Villager (Male) |
| 21:33 | Build | Farm |
| 21:35 | Build | Farm |
| 21:39 | Create | Villager (Male) |
| 21:39 | Create | Villager (Male) |
| 21:45 | Research | Loom |
| 21:51 | Build | Lumber Camp |
| 21:57 | Build | Farm |
| 22:00 | Build | Farm |
| 22:01 | Create | Villager (Male) |
| 22:01 | Create | Villager (Male) |
| 22:06 | Research | Gold Mining |
| 22:08 | Create | Villager (Male) |
| 22:16 | Build | Farm |
| 22:18 | Build | Farm |
| 22:19 | Create | Villager (Male) |
| 22:19 | Create | Villager (Male) |
| 22:22 | Build | Farm |
| 22:28 | Build | Farm |
| 22:29 | Build | Farm |
| 22:30 | Build | Farm |
| 22:31 | Build | Farm |
| 22:33 | Build | Farm |
| 22:33 | Build | Farm |
| 22:35 | Build | Farm |
| 22:37 | Build | Farm |
| 22:46 | Create | Villager (Male) |
| 22:46 | Create | Villager (Male) |
| 22:46 | Create | Villager (Male) |
| 23:02 | Create | Villager (Male) |
| 23:03 | Create | Villager (Male) |
| 23:04 | Create | Villager (Male) |
| 23:04 | Create | Villager (Male) |
| 23:16 | Build | Mill |
| 23:17 | Build | Farm |
| 23:17 | Build | Farm |
| 23:17 | Build | Farm |
| 23:18 | Build | Farm |
| 23:18 | Build | Farm |
| 23:18 | Build | Farm |
| 23:23 | Create | Villager (Male) |
| 23:31 | Build | Farm |
| 23:32 | Build | Farm |
| 23:33 | Build | Farm |
| 23:35 | Build | Farm |
| 23:43 | Build | Barracks |
Build order — Benni
First 150 of 895 actions detected
| 0:00 | Create | Villager (Male) |
| 0:00 | Create | Villager (Male) |
| 0:01 | Build | House |
| 0:03 | Build | House |
| 0:14 | Create | Villager (Male) |
| 0:15 | Create | Villager (Male) |
| 0:15 | Create | Villager (Male) |
| 1:07 | Create | Villager (Male) |
| 1:07 | Create | Villager (Male) |
| 1:35 | Create | Villager (Male) |
| 1:35 | Create | Villager (Male) |
| 1:49 | Build | Lumber Camp |
| 1:59 | Create | Villager (Male) |
| 1:59 | Create | Villager (Male) |
| 2:19 | Create | Villager (Male) |
| 2:19 | Create | Villager (Male) |
| 2:56 | Create | Villager (Male) |
| 2:56 | Create | Villager (Male) |
| 3:08 | Create | Villager (Male) |
| 3:08 | Create | Villager (Male) |
| 3:46 | Create | Villager (Male) |
| 3:46 | Create | Villager (Male) |
| 4:18 | Build | House |
| 4:29 | Create | Villager (Male) |
| 4:30 | Create | Villager (Male) |
| 4:37 | Build | House |
| 4:39 | Build | Mill |
| 4:58 | Build | House |
| 5:04 | Create | Villager (Male) |
| 5:05 | Create | Villager (Male) |
| 5:05 | Create | Villager (Male) |
| 5:05 | Create | Villager (Male) |
| 5:06 | Create | Villager (Male) |
| 5:34 | Create | Villager (Male) |
| 5:55 | Create | Villager (Male) |
| 5:55 | Create | Villager (Male) |
| 6:25 | Create | Villager (Male) |
| 6:25 | Create | Villager (Male) |
| 6:31 | Create | Villager (Male) |
| 6:37 | Build | Farm |
| 7:17 | Build | Farm |
| 7:20 | Build | Farm |
| 7:40 | Build | Farm |
| 8:19 | Create | Villager (Male) |
| 8:49 | Research | Feudal Age |
| 8:50 | Research | Feudal Age |
| 8:56 | Build | Mining Camp |
| 9:04 | Create | Villager (Male) |
| 9:04 | Create | Villager (Male) |
| 11:00 | Age | Feudal Age |
| 11:08 | Build | Market |
| 11:23 | Create | Villager (Male) |
| 11:25 | Create | Villager (Male) |
| 11:26 | Create | Villager (Male) |
| 11:38 | Build | Blacksmith |
| 12:11 | Research | Double-Bit Axe |
| 12:12 | Research | Castle Age |
| 12:12 | Research | Castle Age |
| 12:34 | Research | Horse Collar |
| 12:51 | Build | Farm |
| 12:52 | Build | Farm |
| 13:57 | Build | House |
| 13:59 | Build | House |
| 14:18 | Create | Villager (Male) |
| 14:18 | Create | Villager (Male) |
| 14:55 | Age | Castle Age |
| 15:01 | Build | Town Center |
| 15:01 | Create | Villager (Male) |
| 15:06 | Build | Town Center |
| 15:22 | Create | Villager (Male) |
| 15:26 | Research | Bow Saw |
| 15:41 | Research | Heavy Plow |
| 15:44 | Create | Villager (Male) |
| 15:44 | Create | Villager (Male) |
| 15:51 | Build | Farm |
| 15:59 | Create | Villager (Male) |
| 16:05 | Create | Villager (Male) |
| 16:10 | Create | Villager (Male) |
| 16:13 | Build | Farm |
| 16:17 | Create | Villager (Male) |
| 16:21 | Create | Villager (Male) |
| 16:25 | Build | Farm |
| 16:27 | Build | Farm |
| 16:28 | Create | Villager (Male) |
| 16:35 | Create | Villager (Male) |
| 16:39 | Build | Farm |
| 16:39 | Build | Farm |
| 16:47 | Build | Farm |
| 16:49 | Create | Villager (Male) |
| 16:53 | Build | Farm |
| 16:54 | Create | Villager (Male) |
| 17:17 | Build | Lumber Camp |
| 17:18 | Create | Villager (Male) |
| 17:21 | Build | Farm |
| 17:22 | Create | Villager (Male) |
| 17:31 | Build | Farm |
| 17:32 | Create | Villager (Male) |
| 17:48 | Create | Villager (Male) |
| 17:53 | Build | Farm |
| 17:54 | Build | Farm |
| 17:56 | Build | Farm |
| 17:57 | Build | Farm |
| 18:00 | Build | Farm |
| 18:02 | Create | Villager (Male) |
| 18:03 | Create | Villager (Male) |
| 18:07 | Build | Farm |
| 18:10 | Build | House |
| 18:11 | Build | House |
| 18:11 | Build | House |
| 18:14 | Create | Villager (Male) |
| 18:14 | Create | Villager (Male) |
| 18:19 | Create | Villager (Male) |
| 18:19 | Create | Villager (Male) |
| 18:28 | Create | Villager (Male) |
| 18:28 | Create | Villager (Male) |
| 18:31 | Build | Farm |
| 18:34 | Create | Villager (Male) |
| 18:48 | Create | Villager (Male) |
| 18:51 | Build | Farm |
| 18:53 | Build | Farm |
| 18:55 | Build | Farm |
| 18:57 | Build | Farm |
| 19:00 | Create | Villager (Male) |
| 19:00 | Create | Villager (Male) |
| 19:00 | Create | Villager (Male) |
| 19:01 | Create | Villager (Male) |
| 19:04 | Build | Farm |
| 19:05 | Build | Farm |
| 19:05 | Build | Farm |
| 19:05 | Build | Farm |
| 19:09 | Build | Farm |
| 19:25 | Create | Villager (Male) |
| 19:26 | Create | Villager (Male) |
| 19:27 | Create | Villager (Male) |
| 19:30 | Create | Villager (Male) |
| 19:42 | Create | Villager (Male) |
| 19:49 | Create | Villager (Male) |
| 19:53 | Create | Villager (Male) |
| 19:55 | Create | Villager (Male) |
| 19:57 | Build | House |
| 19:58 | Build | House |
| 19:59 | Create | Villager (Male) |
| 20:05 | Create | Villager (Male) |
| 20:07 | Create | Villager (Male) |
| 20:13 | Research | Gold Mining |
| 20:19 | Research | Wheelbarrow |
| 20:20 | Research | Wheelbarrow |
| 20:20 | Create | Villager (Male) |
| 20:20 | Create | Villager (Male) |
| 20:26 | Build | Mill |
Build order — boora-bee
First 150 of 1270 actions detected
| 0:03 | Create | Villager (Male) |
| 0:04 | Create | Villager (Male) |
| 0:04 | Create | Villager (Male) |
| 0:04 | Create | Villager (Male) |
| 0:04 | Create | Villager (Male) |
| 0:05 | Build | House |
| 0:06 | Build | House |
| 1:28 | Create | Villager (Male) |
| 2:03 | Create | Villager (Male) |
| 2:03 | Create | Villager (Male) |
| 2:07 | Build | Lumber Camp |
| 2:18 | Create | Villager (Male) |
| 2:19 | Create | Villager (Male) |
| 2:50 | Create | Villager (Male) |
| 3:06 | Create | Villager (Male) |
| 3:37 | Build | House |
| 3:39 | Create | Villager (Male) |
| 3:39 | Create | Villager (Male) |
| 3:53 | Create | Villager (Male) |
| 3:53 | Create | Villager (Male) |
| 4:15 | Build | Mill |
| 4:32 | Create | Villager (Male) |
| 5:05 | Create | Villager (Male) |
| 5:30 | Create | Villager (Male) |
| 5:30 | Create | Villager (Male) |
| 5:31 | Create | Villager (Male) |
| 5:31 | Create | Villager (Male) |
| 6:01 | Build | Mining Camp |
| 6:02 | Create | Villager (Male) |
| 6:06 | Build | House |
| 6:10 | Create | Villager (Male) |
| 6:27 | Build | Lumber Camp |
| 6:38 | Create | Villager (Male) |
| 7:20 | Create | Villager (Male) |
| 7:58 | Build | Mill |
| 8:22 | Create | Villager (Male) |
| 8:33 | Build | Farm |
| 8:54 | Create | Villager (Male) |
| 9:00 | Research | Loom |
| 9:10 | Build | House |
| 9:13 | Research | Feudal Age |
| 10:23 | Create | Villager (Male) |
| 10:24 | Create | Villager (Male) |
| 10:29 | Build | House |
| 10:30 | Build | Farm |
| 10:33 | Build | Farm |
| 10:36 | Build | Farm |
| 11:35 | Age | Feudal Age |
| 11:36 | Build | Blacksmith |
| 11:39 | Build | Market |
| 12:03 | Build | Farm |
| 12:24 | Create | Villager (Male) |
| 12:26 | Build | Farm |
| 12:32 | Build | House |
| 12:41 | Create | Villager (Male) |
| 12:53 | Build | Farm |
| 13:13 | Create | Villager (Male) |
| 13:23 | Build | Farm |
| 13:25 | Build | Farm |
| 13:41 | Create | Villager (Male) |
| 14:07 | Research | Castle Age |
| 14:41 | Research | Double-Bit Axe |
| 15:11 | Create | Villager (Male) |
| 15:11 | Create | Villager (Male) |
| 15:21 | Research | Horse Collar |
| 15:28 | Build | Farm |
| 15:28 | Build | Farm |
| 16:09 | Research | Gold Mining |
| 16:47 | Age | Castle Age |
| 16:50 | Build | Town Center |
| 16:56 | Build | Monastery |
| 17:04 | Build | Town Center |
| 17:06 | Create | Villager (Male) |
| 17:07 | Create | Villager (Male) |
| 17:07 | Create | Villager (Male) |
| 17:10 | Build | House |
| 17:21 | Research | Wheelbarrow |
| 17:27 | Research | Bow Saw |
| 17:35 | Build | House |
| 17:43 | Create | Monk |
| 17:52 | Create | Villager (Male) |
| 17:52 | Create | Villager (Male) |
| 18:03 | Create | Villager (Male) |
| 18:03 | Create | Villager (Male) |
| 18:08 | Build | Farm |
| 18:30 | Create | Villager (Male) |
| 18:31 | Create | Villager (Male) |
| 18:31 | Create | Villager (Male) |
| 18:47 | Build | Farm |
| 18:47 | Build | Farm |
| 18:47 | Build | Farm |
| 18:53 | Research | Heavy Plow |
| 19:19 | Create | Monk |
| 19:23 | Create | Villager (Male) |
| 19:23 | Create | Villager (Male) |
| 19:31 | Build | Farm |
| 19:39 | Create | Villager (Male) |
| 19:40 | Create | Villager (Male) |
| 20:01 | Create | Villager (Male) |
| 20:02 | Create | Villager (Male) |
| 20:11 | Build | Town Center |
| 20:13 | Create | Villager (Male) |
| 20:13 | Create | Villager (Male) |
| 20:19 | Build | Farm |
| 20:19 | Build | Farm |
| 20:20 | Build | Farm |
| 20:20 | Build | Farm |
| 20:20 | Build | Farm |
| 20:23 | Research | Town Watch |
| 20:25 | Create | Monk |
| 20:36 | Create | Villager (Male) |
| 20:36 | Create | Villager (Male) |
| 20:40 | Build | Farm |
| 20:40 | Build | Farm |
| 20:40 | Build | Farm |
| 20:47 | Create | Villager (Male) |
| 20:47 | Create | Villager (Male) |
| 20:52 | Build | House |
| 20:59 | Create | Villager (Male) |
| 21:13 | Create | Monk |
| 21:21 | Create | Villager (Male) |
| 21:21 | Create | Villager (Male) |
| 21:25 | Build | House |
| 21:35 | Create | Villager (Male) |
| 21:36 | Create | Villager (Male) |
| 21:44 | Create | Villager (Male) |
| 21:44 | Create | Villager (Male) |
| 21:57 | Build | House |
| 22:10 | Research | Sanctity |
| 22:15 | Create | Villager (Male) |
| 22:15 | Create | Villager (Male) |
| 22:26 | Create | Villager (Male) |
| 22:26 | Create | Villager (Male) |
| 22:26 | Create | Villager (Male) |
| 22:38 | Build | House |
| 22:39 | Create | Villager (Male) |
| 22:39 | Create | Villager (Male) |
| 22:40 | Create | Villager (Male) |
| 22:40 | Create | Villager (Male) |
| 22:42 | Build | Farm |
| 22:45 | Create | Monk |
| 22:56 | Create | Villager (Male) |
| 22:56 | Create | Villager (Male) |
| 22:57 | Create | Villager (Male) |
| 23:01 | Build | Town Center |
| 23:04 | Create | Villager (Male) |
| 23:04 | Create | Villager (Male) |
| 23:05 | Create | Villager (Male) |
| 23:08 | Build | Farm |
| 23:12 | Build | Farm |
Build order — Viesturs Otto I.
First 150 of 800 actions detected
| 0:02 | Build | House |
| 0:05 | Build | House |
| 0:06 | Create | Villager (Male) |
| 0:06 | Create | Villager (Male) |
| 0:06 | Create | Villager (Male) |
| 0:07 | Create | Villager (Male) |
| 0:07 | Create | Villager (Male) |
| 1:21 | Create | Villager (Male) |
| 1:21 | Create | Villager (Male) |
| 1:53 | Build | Lumber Camp |
| 2:02 | Create | Villager (Male) |
| 2:02 | Create | Villager (Male) |
| 2:03 | Create | Villager (Male) |
| 2:48 | Create | Villager (Male) |
| 2:48 | Create | Villager (Male) |
| 3:17 | Create | Villager (Male) |
| 3:18 | Create | Villager (Male) |
| 3:36 | Build | House |
| 3:43 | Create | Villager (Male) |
| 3:43 | Create | Villager (Male) |
| 3:43 | Create | Villager (Male) |
| 4:13 | Build | Mill |
| 4:30 | Create | Villager (Male) |
| 4:30 | Create | Villager (Male) |
| 4:39 | Create | Villager (Male) |
| 4:39 | Create | Villager (Male) |
| 5:15 | Create | Villager (Male) |
| 5:15 | Create | Villager (Male) |
| 5:16 | Create | Villager (Male) |
| 5:51 | Create | Villager (Male) |
| 5:52 | Create | Villager (Male) |
| 6:21 | Build | House |
| 7:01 | Create | Villager (Male) |
| 7:02 | Create | Villager (Male) |
| 7:36 | Build | House |
| 8:00 | Create | Villager (Male) |
| 8:01 | Create | Villager (Male) |
| 8:30 | Research | Feudal Age |
| 8:35 | Build | Mining Camp |
| 8:41 | Create | Villager (Male) |
| 8:42 | Create | Villager (Male) |
| 9:05 | Build | Farm |
| 9:09 | Build | Farm |
| 9:12 | Build | Farm |
| 9:19 | Research | Feudal Age |
| 9:44 | Build | House |
| 11:01 | Create | Villager (Male) |
| 11:01 | Create | Villager (Male) |
| 11:51 | Age | Feudal Age |
| 11:53 | Build | Market |
| 11:54 | Build | Blacksmith |
| 12:40 | Research | Castle Age |
| 12:41 | Research | Castle Age |
| 12:59 | Research | Double-Bit Axe |
| 13:01 | Research | Horse Collar |
| 13:12 | Build | Farm |
| 14:40 | Build | Farm |
| 14:46 | Build | Farm |
| 14:48 | Create | Villager (Male) |
| 14:48 | Create | Villager (Male) |
| 15:21 | Age | Castle Age |
| 15:23 | Build | Monastery |
| 15:29 | Build | Town Center |
| 15:49 | Research | Bow Saw |
| 15:59 | Build | House |
| 16:05 | Create | Villager (Male) |
| 16:11 | Build | Farm |
| 16:15 | Create | Villager (Male) |
| 16:17 | Create | Monk |
| 16:20 | Create | Monk |
| 16:30 | Build | Farm |
| 16:34 | Build | Farm |
| 16:37 | Build | Farm |
| 16:41 | Create | Villager (Male) |
| 16:45 | Research | Heavy Plow |
| 16:48 | Create | Villager (Male) |
| 16:48 | Create | Villager (Male) |
| 17:02 | Create | Villager (Male) |
| 17:02 | Create | Villager (Male) |
| 17:06 | Build | Farm |
| 17:09 | Build | Farm |
| 17:11 | Build | Farm |
| 17:13 | Create | Villager (Male) |
| 17:13 | Create | Villager (Male) |
| 17:26 | Create | Villager (Male) |
| 17:26 | Create | Villager (Male) |
| 17:36 | Build | Farm |
| 17:36 | Build | Farm |
| 17:36 | Build | Farm |
| 17:36 | Build | Farm |
| 17:37 | Build | Farm |
| 17:42 | Create | Villager (Male) |
| 17:42 | Create | Villager (Male) |
| 17:43 | Create | Villager (Male) |
| 17:43 | Create | Villager (Male) |
| 17:52 | Build | House |
| 17:53 | Build | House |
| 17:58 | Build | House |
| 18:09 | Create | Villager (Male) |
| 18:09 | Create | Villager (Male) |
| 18:12 | Research | Fervor |
| 18:24 | Create | Villager (Male) |
| 18:24 | Create | Villager (Male) |
| 18:38 | Build | Town Center |
| 18:41 | Build | Farm |
| 18:45 | Build | Farm |
| 18:51 | Build | Lumber Camp |
| 18:54 | Create | Villager (Male) |
| 18:54 | Create | Villager (Male) |
| 19:09 | Create | Villager (Male) |
| 19:09 | Create | Villager (Male) |
| 19:09 | Create | Villager (Male) |
| 19:36 | Create | Villager (Male) |
| 19:41 | Build | Farm |
| 19:55 | Create | Villager (Male) |
| 19:55 | Create | Villager (Male) |
| 20:02 | Create | Villager (Male) |
| 20:02 | Create | Villager (Male) |
| 20:17 | Research | Wheelbarrow |
| 20:18 | Create | Villager (Male) |
| 20:19 | Create | Villager (Male) |
| 20:50 | Create | Villager (Male) |
| 20:50 | Create | Villager (Male) |
| 20:50 | Create | Villager (Male) |
| 20:55 | Build | Barracks |
| 20:56 | Build | Barracks |
| 20:59 | Research | Gold Mining |
| 21:13 | Create | Villager (Male) |
| 21:13 | Create | Villager (Male) |
| 21:14 | Create | Villager (Male) |
| 21:17 | Build | House |
| 21:25 | Build | Farm |
| 21:34 | Create | Villager (Male) |
| 21:34 | Create | Villager (Male) |
| 21:34 | Create | Villager (Male) |
| 21:47 | Create | Villager (Male) |
| 21:47 | Create | Villager (Male) |
| 22:00 | Build | Farm |
| 22:02 | Build | House |
| 22:02 | Build | House |
| 22:02 | Build | House |
| 22:05 | Build | Farm |
| 22:06 | Build | Farm |
| 22:07 | Build | Farm |
| 22:20 | Create | Villager (Male) |
| 22:20 | Create | Villager (Male) |
| 22:21 | Create | Villager (Male) |
| 22:21 | Create | Villager (Male) |
| 22:21 | Create | Villager (Male) |
| 22:26 | Build | Farm |
Build order — Trust_Me
First 150 of 1141 actions detected
| 0:05 | Research | Loom |
| 0:05 | Research | Loom |
| 0:13 | Build | Lumber Camp |
| 0:57 | Create | Villager (Male) |
| 0:57 | Create | Villager (Male) |
| 1:30 | Create | Villager (Male) |
| 1:30 | Create | Villager (Male) |
| 1:54 | Create | Villager (Male) |
| 1:55 | Create | Villager (Male) |
| 2:43 | Create | Villager (Male) |
| 2:43 | Create | Villager (Male) |
| 2:56 | Create | Villager (Male) |
| 2:56 | Create | Villager (Male) |
| 3:22 | Create | Villager (Male) |
| 3:22 | Create | Villager (Male) |
| 3:22 | Create | Villager (Male) |
| 3:49 | Create | Villager (Male) |
| 3:49 | Create | Villager (Male) |
| 4:09 | Build | Mill |
| 4:10 | Create | Villager (Male) |
| 4:10 | Create | Villager (Male) |
| 4:31 | Build | House |
| 5:02 | Create | Villager (Male) |
| 5:02 | Create | Villager (Male) |
| 5:41 | Create | Villager (Male) |
| 6:03 | Create | Villager (Male) |
| 6:07 | Build | House |
| 6:22 | Create | Villager (Male) |
| 6:48 | Create | Villager (Male) |
| 7:45 | Research | Feudal Age |
| 7:47 | Build | Mining Camp |
| 8:58 | Create | Villager (Male) |
| 8:58 | Create | Villager (Male) |
| 9:10 | Create | Villager (Male) |
| 9:55 | Age | Feudal Age |
| 9:56 | Build | Blacksmith |
| 10:02 | Build | Watch Tower |
| 10:13 | Create | Villager (Male) |
| 10:17 | Build | House |
| 10:34 | Research | Double-Bit Axe |
| 10:47 | Research | Fletching |
| 10:47 | Research | Fletching |
| 11:02 | Create | Villager (Male) |
| 11:21 | Create | Villager (Male) |
| 12:10 | Build | Watch Tower |
| 12:12 | Create | Villager (Male) |
| 12:12 | Create | Villager (Male) |
| 12:18 | Create | Villager (Male) |
| 12:21 | Build | House |
| 13:19 | Build | Palisade Wall |
| 13:20 | Build | Palisade Wall |
| 13:21 | Build | Palisade Wall |
| 13:22 | Build | Palisade Wall |
| 13:23 | Build | Palisade Wall |
| 13:23 | Build | Palisade Wall |
| 13:24 | Build | Palisade Wall |
| 13:25 | Build | Palisade Wall |
| 13:33 | Build | Watch Tower |
| 13:36 | Create | Villager (Male) |
| 13:36 | Create | Villager (Male) |
| 13:40 | Build | Farm |
| 13:41 | Build | Farm |
| 13:43 | Build | Farm |
| 13:44 | Build | Farm |
| 13:45 | Build | Farm |
| 13:47 | Build | Farm |
| 14:02 | Build | Mining Camp |
| 14:07 | Create | Villager (Male) |
| 14:24 | Build | Palisade Wall |
| 14:25 | Build | Palisade Wall |
| 14:26 | Build | Palisade Wall |
| 14:27 | Build | Palisade Wall |
| 14:28 | Build | Palisade Wall |
| 14:47 | Build | Watch Tower |
| 14:50 | Create | Villager (Male) |
| 14:56 | Build | Lumber Camp |
| 14:59 | Create | Villager (Male) |
| 15:03 | Build | House |
| 15:12 | Create | Villager (Male) |
| 15:22 | Build | Farm |
| 15:45 | Build | Watch Tower |
| 15:49 | Create | Villager (Male) |
| 15:51 | Build | Farm |
| 16:07 | Build | House |
| 16:12 | Build | Farm |
| 16:16 | Create | Villager (Male) |
| 16:33 | Build | Farm |
| 16:41 | Build | Farm |
| 16:48 | Build | Market |
| 17:08 | Create | Villager (Male) |
| 17:13 | Create | Villager (Male) |
| 17:18 | Create | Villager (Male) |
| 17:25 | Build | Watch Tower |
| 17:46 | Build | Farm |
| 17:53 | Build | House |
| 17:59 | Build | Farm |
| 18:36 | Build | Mining Camp |
| 18:40 | Build | Farm |
| 18:42 | Build | Farm |
| 18:49 | Create | Villager (Male) |
| 19:00 | Create | Villager (Male) |
| 19:32 | Build | Farm |
| 19:49 | Build | Farm |
| 19:53 | Research | Castle Age |
| 19:53 | Research | Castle Age |
| 20:10 | Build | Farm |
| 20:11 | Build | Farm |
| 20:16 | Build | Lumber Camp |
| 20:17 | Research | Horse Collar |
| 20:18 | Research | Horse Collar |
| 22:33 | Age | Castle Age |
| 22:35 | Create | Villager (Male) |
| 22:36 | Create | Villager (Male) |
| 22:36 | Create | Villager (Male) |
| 22:45 | Build | Town Center |
| 22:52 | Build | Town Center |
| 23:00 | Research | Wheelbarrow |
| 23:00 | Research | Wheelbarrow |
| 23:06 | Research | Bow Saw |
| 23:07 | Research | Heavy Plow |
| 23:07 | Research | Heavy Plow |
| 23:57 | Create | Villager (Male) |
| 23:58 | Create | Villager (Male) |
| 23:58 | Create | Villager (Male) |
| 24:09 | Create | Villager (Male) |
| 24:09 | Create | Villager (Male) |
| 24:14 | Create | Villager (Male) |
| 24:14 | Create | Villager (Male) |
| 24:17 | Create | Villager (Male) |
| 24:26 | Build | Farm |
| 24:42 | Create | Villager (Male) |
| 24:46 | Create | Villager (Male) |
| 24:52 | Build | Farm |
| 24:55 | Create | Villager (Male) |
| 25:03 | Build | Town Center |
| 25:08 | Create | Villager (Male) |
| 25:09 | Create | Villager (Male) |
| 25:17 | Build | Farm |
| 25:29 | Create | Villager (Male) |
| 25:31 | Create | Villager (Male) |
| 25:35 | Create | Villager (Male) |
| 25:41 | Build | Farm |
| 26:01 | Create | Villager (Male) |
| 26:02 | Create | Villager (Male) |
| 26:02 | Create | Villager (Male) |
| 26:10 | Build | Farm |
| 26:16 | Create | Villager (Male) |
| 26:20 | Research | Stone Mining |
| 26:21 | Research | Gold Mining |
| 26:21 | Research | Gold Mining |
Match timeline
| 2:28 | optimal_brain_damage · wall_segment Palisade Wall x1 |
| 2:31 | optimal_brain_damage · wall_segment Palisade Wall x1 |
| 2:35 | optimal_brain_damage · wall_segment Palisade Wall x1 |
| 2:39 | optimal_brain_damage · wall_segment Palisade Wall x1 |
| 2:44 | optimal_brain_damage · wall_segment Palisade Wall x1 |
| 2:49 | optimal_brain_damage · wall_segment Palisade Wall x1 |
| 2:54 | optimal_brain_damage · wall_segment Palisade Wall x1 |
| 2:56 | optimal_brain_damage · wall_segment Palisade Wall x1 |
| 2:59 | optimal_brain_damage · wall_segment Palisade Wall x1 |
| 3:01 | optimal_brain_damage · wall_segment Palisade Wall x1 |
| 3:13 | optimal_brain_damage · wall_segment Palisade Wall x1 |
| 3:20 | optimal_brain_damage · wall_segment Palisade Wall x1 |
| 3:23 | optimal_brain_damage · wall_segment Palisade Wall x1 |
| 3:27 | optimal_brain_damage · wall_segment Palisade Wall x1 |
| 3:29 | optimal_brain_damage · wall_segment Palisade Wall x1 |
| 9:53 | Rumpel the Idle · wall_segment Palisade Wall x12 |
| 9:55 | Trust_Me · age_up feudal |
| 10:00 | Rumpel the Idle · wall_segment Palisade Wall x21 |
| 10:19 | Rumpel the Idle · wall_segment Palisade Wall x3 |
| 10:31 | Rumpel the Idle · wall_segment Palisade Wall x2 |
| 10:58 | ELEG | IronLeg · age_up feudal |
| 11:00 | Benni · age_up feudal |
| 11:03 | optimal_brain_damage · age_up feudal |
| 11:10 | Rumpel the Idle · wall_segment Palisade Wall x1 |
| 11:12 | Rumpel the Idle · age_up feudal |
| 11:13 | Rumpel the Idle · wall_segment Palisade Wall x5 |
| 11:16 | Rumpel the Idle · wall_segment Palisade Wall x1 |
| 11:18 | |LS| King-Oblivion · age_up feudal |
| 11:19 | Rumpel the Idle · wall_segment Stone Wall x9 |
| 11:23 | Rumpel the Idle · wall_segment Stone Wall x9 |
| 11:35 | boora-bee · age_up feudal |
| 11:50 | Rumpel the Idle · wall_segment Stone Wall x3 |
| 11:51 | Viesturs Otto I. · age_up feudal |
| 11:58 | Rumpel the Idle · wall_segment Stone Wall x4 |
| 12:03 | Rumpel the Idle · wall_segment Stone Wall x3 |
| 12:35 | Rumpel the Idle · wall_segment Stone Wall x5 |
| 12:35 | ELEG | IronLeg · first_market_buy 100 food |
| 12:42 | optimal_brain_damage · first_building Barracks |
| 13:02 | Rumpel the Idle · wall_segment Stone Wall x6 |
| 13:19 | Trust_Me · wall_segment Palisade Wall x1 |
| 13:20 | Trust_Me · wall_segment Palisade Wall x1 |
| 13:21 | Trust_Me · wall_segment Palisade Wall x1 |
| 13:22 | Trust_Me · wall_segment Palisade Wall x1 |
| 13:23 | Trust_Me · wall_segment Palisade Wall x1 |
| 13:23 | Trust_Me · wall_segment Palisade Wall x1 |
| 13:24 | Trust_Me · wall_segment Palisade Wall x1 |
| 13:25 | Trust_Me · wall_segment Palisade Wall x1 |
| 14:14 | optimal_brain_damage · first_building Stable |
| 14:24 | Trust_Me · wall_segment Palisade Wall x1 |
| 14:25 | Trust_Me · wall_segment Palisade Wall x1 |
| 14:26 | Trust_Me · wall_segment Palisade Wall x1 |
| 14:27 | Trust_Me · wall_segment Palisade Wall x1 |
| 14:28 | Trust_Me · wall_segment Palisade Wall x1 |
| 14:51 | optimal_brain_damage · age_up castle |
| 14:53 | Rumpel the Idle · first_market_sell 100 stone |
| 14:55 | Rumpel the Idle · first_market_buy 100 food |
| 14:55 | Benni · age_up castle |
| 15:21 | Viesturs Otto I. · age_up castle |
| 15:23 | Viesturs Otto I. · first_building Monastery |
| 15:43 | ELEG | IronLeg · age_up castle |
| 15:51 | |LS| King-Oblivion · age_up castle |
| 16:47 | boora-bee · age_up castle |
| 16:56 | boora-bee · first_building Monastery |
| 17:13 | Rumpel the Idle · wall_segment Stone Wall x4 |
| 17:53 | Rumpel the Idle · age_up castle |
| 18:05 | Rumpel the Idle · first_building Castle |
| 18:19 | |LS| King-Oblivion · first_building Castle |
| 18:45 | Trust_Me · first_market_buy 100 food |
| 19:01 | Rumpel the Idle · first_building Siege Workshop |
| 19:36 | Trust_Me · first_market_sell 100 wood |
| 20:07 | ELEG | IronLeg · first_building Castle |
| 20:08 | optimal_brain_damage · first_market_buy 100 wood |
| 20:25 | ELEG | IronLeg · wall_segment Palisade Wall x1 |
| 20:55 | Viesturs Otto I. · first_building Barracks |
| 20:59 | optimal_brain_damage · first_market_sell 100 food |
| 22:27 | ELEG | IronLeg · first_building Barracks |
| 22:33 | Trust_Me · age_up castle |
| 23:20 | Benni · first_building Siege Workshop |
| 23:43 | |LS| King-Oblivion · first_building Barracks |
| 24:00 | Benni · first_market_sell 100 food |
| 24:24 | Benni · first_building Barracks |
| 24:42 | |LS| King-Oblivion · first_building Siege Workshop |
| 24:53 | ELEG | IronLeg · first_building Monastery |
| 25:34 | ELEG | IronLeg · age_up imperial |
| 25:39 | Benni · first_building Archery Range |
| 25:50 | Rumpel the Idle · wall_segment Stone Wall x1 |
| 25:50 | |LS| King-Oblivion · first_market_sell 100 food |
| 26:15 | boora-bee · first_building Castle |
| 26:33 | Benni · first_market_buy 100 stone |
| 27:03 | Viesturs Otto I. · first_building Castle |
| 27:04 | optimal_brain_damage · first_building Archery Range |
| 27:16 | Benni · age_up imperial |
| 27:46 | boora-bee · first_building Barracks |
| 27:58 | optimal_brain_damage · first_building Castle |
| 28:19 | boora-bee · first_building Archery Range |
| 28:33 | Trust_Me · first_building Castle |
| 29:08 | boora-bee · first_building Stable |
| 29:14 | |LS| King-Oblivion · age_up imperial |
| 29:36 | Benni · first_building Castle |
| 30:17 | Viesturs Otto I. · age_up imperial |
| 30:34 | boora-bee · age_up imperial |
| 30:42 | ELEG | IronLeg · first_market_sell 100 stone |
| 31:46 | Rumpel the Idle · first_building Barracks |
| 31:48 | Viesturs Otto I. · first_market_buy 500 food |
| 31:49 | Trust_Me · first_building Barracks |
| 32:04 | optimal_brain_damage · first_building Siege Workshop |
| 32:04 | optimal_brain_damage · age_up imperial |
| 32:22 | Trust_Me · first_building Stable |
| 32:40 | |LS| King-Oblivion · wall_segment Stone Wall x1 |
| 33:34 | Rumpel the Idle · first_building Archery Range |
| 33:56 | Trust_Me · age_up imperial |
| 35:07 | boora-bee · first_market_sell 500 wood |
| 36:10 | |LS| King-Oblivion · first_market_buy 100 wood |
| 38:32 | Benni · first_building Stable |
| 39:58 | |LS| King-Oblivion · first_building Stable |
| 40:00 | optimal_brain_damage · tribute_sent a jugador 1 |
| 40:00 | optimal_brain_damage · tribute_sent a jugador 3 |
| 40:00 | optimal_brain_damage · tribute_sent a jugador 4 |
| 40:00 | optimal_brain_damage · tribute_sent a jugador 5 |
| 40:00 | optimal_brain_damage · tribute_sent a jugador 6 |
| 40:00 | optimal_brain_damage · tribute_sent a jugador 7 |
| 40:00 | optimal_brain_damage · tribute_sent a jugador 8 |
| 41:35 | Viesturs Otto I. · first_building Archery Range |
| 42:04 | |LS| King-Oblivion · wall_segment Stone Wall x6 |
| 42:56 | |LS| King-Oblivion · wall_segment Stone Wall x1 |
| 44:04 | optimal_brain_damage · tribute_sent a jugador 1 |
| 44:04 | optimal_brain_damage · tribute_sent a jugador 3 |
| 44:04 | optimal_brain_damage · tribute_sent a jugador 4 |
| 44:04 | optimal_brain_damage · tribute_sent a jugador 5 |
| 44:04 | optimal_brain_damage · tribute_sent a jugador 6 |
| 44:04 | optimal_brain_damage · tribute_sent a jugador 7 |
| 44:04 | optimal_brain_damage · tribute_sent a jugador 8 |
| 44:07 | Benni · tribute_sent a jugador 1 |
| 44:07 | Benni · tribute_sent a jugador 2 |
| 44:07 | Benni · tribute_sent a jugador 3 |
| 44:07 | Benni · tribute_sent a jugador 5 |
| 44:07 | Benni · tribute_sent a jugador 6 |
| 44:07 | Benni · tribute_sent a jugador 7 |
| 44:07 | Benni · tribute_sent a jugador 8 |
| 44:40 | boora-bee · first_market_buy 100 food |
| 46:33 | optimal_brain_damage · tribute_sent a jugador 1 |
| 46:33 | optimal_brain_damage · tribute_sent a jugador 3 |
| 46:33 | optimal_brain_damage · tribute_sent a jugador 4 |
| 46:33 | optimal_brain_damage · tribute_sent a jugador 5 |
| 46:33 | optimal_brain_damage · tribute_sent a jugador 6 |
| 46:33 | optimal_brain_damage · tribute_sent a jugador 7 |
| 46:33 | optimal_brain_damage · tribute_sent a jugador 8 |
| 46:52 | Trust_Me · first_building Archery Range |
| 47:11 | optimal_brain_damage · tribute_sent a jugador 1 |
| 47:11 | optimal_brain_damage · tribute_sent a jugador 3 |
| 47:11 | optimal_brain_damage · tribute_sent a jugador 4 |
| 47:11 | optimal_brain_damage · tribute_sent a jugador 5 |
| 47:11 | optimal_brain_damage · tribute_sent a jugador 6 |
| 47:11 | optimal_brain_damage · tribute_sent a jugador 7 |
| 47:11 | optimal_brain_damage · tribute_sent a jugador 8 |
| 48:05 | optimal_brain_damage · tribute_sent a jugador 1 |
| 48:05 | optimal_brain_damage · tribute_sent a jugador 3 |
| 48:05 | optimal_brain_damage · tribute_sent a jugador 4 |
| 48:05 | optimal_brain_damage · tribute_sent a jugador 5 |
| 48:05 | optimal_brain_damage · tribute_sent a jugador 6 |
| 48:05 | optimal_brain_damage · tribute_sent a jugador 7 |
| 48:05 | optimal_brain_damage · tribute_sent a jugador 8 |
| 49:17 | Benni · tribute_sent a jugador 1 |
| 49:17 | Benni · tribute_sent a jugador 2 |
| 49:17 | Benni · tribute_sent a jugador 3 |
| 49:17 | Benni · tribute_sent a jugador 5 |
| 49:17 | Benni · tribute_sent a jugador 6 |
| 49:17 | Benni · tribute_sent a jugador 7 |
| 49:17 | Benni · tribute_sent a jugador 8 |
| 51:11 | Benni · tribute_sent a jugador 1 |
| 51:11 | Benni · tribute_sent a jugador 2 |
| 51:11 | Benni · tribute_sent a jugador 3 |
| 51:11 | Benni · tribute_sent a jugador 5 |
| 51:11 | Benni · tribute_sent a jugador 6 |
| 51:11 | Benni · tribute_sent a jugador 7 |
| 51:11 | Benni · tribute_sent a jugador 8 |
| 53:21 | Benni · tribute_sent a jugador 1 |
| 53:21 | Benni · tribute_sent a jugador 2 |
| 53:21 | Benni · tribute_sent a jugador 3 |
| 53:21 | Benni · tribute_sent a jugador 5 |
| 53:21 | Benni · tribute_sent a jugador 6 |
| 53:21 | Benni · tribute_sent a jugador 7 |
| 53:21 | Benni · tribute_sent a jugador 8 |
| 55:26 | Rumpel the Idle · first_building Stable |
| 57:51 | Benni · tribute_sent a jugador 1 |
| 57:51 | Benni · tribute_sent a jugador 2 |
| 57:51 | Benni · tribute_sent a jugador 3 |
| 57:51 | Benni · tribute_sent a jugador 5 |
| 57:51 | Benni · tribute_sent a jugador 6 |
| 57:51 | Benni · tribute_sent a jugador 7 |
| 57:51 | Benni · tribute_sent a jugador 8 |
| 60:27 | Rumpel the Idle · age_up imperial |
| 60:57 | boora-bee · first_building Siege Workshop |
| 61:06 | optimal_brain_damage · wall_segment Stone Wall x1 |
| 61:07 | optimal_brain_damage · wall_segment Stone Wall x1 |
| 61:44 | Trust_Me · first_building Siege Workshop |
| 61:57 | Viesturs Otto I. · tribute_sent a jugador 1 |
| 61:57 | Viesturs Otto I. · tribute_sent a jugador 2 |
| 61:57 | Viesturs Otto I. · tribute_sent a jugador 3 |
| 61:57 | Viesturs Otto I. · tribute_sent a jugador 4 |
| 61:57 | Viesturs Otto I. · tribute_sent a jugador 5 |
| 61:57 | Viesturs Otto I. · tribute_sent a jugador 7 |
| 61:57 | Viesturs Otto I. · tribute_sent a jugador 8 |
| 62:19 | optimal_brain_damage · wall_segment Stone Wall x9 |
| 62:24 | optimal_brain_damage · wall_segment Stone Wall x7 |
| 65:10 | optimal_brain_damage · wall_segment Stone Wall x1 |
| 66:02 | Viesturs Otto I. · tribute_sent a jugador 1 |
| 66:02 | Viesturs Otto I. · tribute_sent a jugador 2 |
| 66:02 | Viesturs Otto I. · tribute_sent a jugador 3 |
| 66:02 | Viesturs Otto I. · tribute_sent a jugador 4 |
| 66:02 | Viesturs Otto I. · tribute_sent a jugador 5 |
| 66:02 | Viesturs Otto I. · tribute_sent a jugador 7 |
| 66:02 | Viesturs Otto I. · tribute_sent a jugador 8 |
| 66:57 | Rumpel the Idle · wall_segment Stone Wall x6 |
| 67:53 | Rumpel the Idle · wall_segment Stone Wall x3 |
| 68:07 | Rumpel the Idle · wall_segment Stone Wall x1 |
| 71:21 | Rumpel the Idle · resign |
[ AI ANALYSIS · 1 CREDIT ]
What really happened in this match?
Wolo.gg analyzes every decision: build order, eco, micro, common mistakes by bracket. Personalized analysis on WhatsApp or Discord in 30 seconds.
Civ guide
Magyars
Perfil
Jugador #242466